 Dungeon Crawl Stone Soup version 0.28-a0-664-gc179e30c89 (webtiles) character file.

Game seed: 9221746505034437766

328 jfcaron the Skirmisher (level 6, 0/62 HPs)
             Began as an Ogre Cinder Acolyte on Oct 16, 2021.
             Was a High Priest of Ignis.
             Slain by a sky beast (5 damage)
             ... on level 4 of the Dungeon.
             The game lasted 00:16:53 (4746 turns).

jfcaron the Skirmisher (Ogre Cinder Acolyte)        Turns: 4746, Time: 00:16:54

Health: 0/62       AC:  5    Str: 19    XL:     6   Next: 50%
Magic:  5/9        EV:  9    Int: 23    God:    Ignis [*****.]
Gold:   131        SH:  5    Dex:  4    Spells: 1/10 levels left

rFire   + . .      SeeInvis .   a - -1 mace (flame)
rCold   . . .      Faith    .   (no shield)
rNeg    . . .      Spirit   .   b - +0 robe
rPois   +          Reflect  +   (helmet restricted)
rElec   .          Harm     .   r - +1 cloak
rCorr   .          Rampage  .   (gloves unavailable)
Will    .....                   (boots unavailable)
Stlth   +.........              j - amulet of reflection
HPRegen 0.20/turn               c - +6 ring of intelligence
MPRegen 0.11/turn               v - ring of poison resistance

@: no status effects
A: large, unfitting armour, tough skin 1
a: Renounce Religion, Sea of Fire, Foxfire Swarm, Rising Flame


You were on level 4 of the Dungeon.
You worshipped Ignis.
Ignis was extremely pleased with you.
You visited 1 branch of the dungeon, and saw 4 of its levels.

You collected 131 gold pieces.

Inventory:

Hand Weapons
 a - a -1 mace of flaming (weapon)
 u - a +1 dagger of flaming
Missiles
 d - 13 arrows
 e - 102 stones (quivered)
 s - 12 bolts
 t - 8 sling bullets
Armour
 b - a +0 robe (worn)
 r - a +1 cloak (worn)
Jewellery
 c - a +6 ring of intelligence (left hand)
 i - a ring of protection from fire
 j - an amulet of reflection (around neck)
 m - a +6 ring of dexterity
 v - a ring of poison resistance (right hand)
Scrolls
 f - 3 scrolls of teleportation {unknown}
 g - 4 scrolls of identify {unknown}
 o - a scroll of vulnerability {unknown}
 w - a scroll of magic mapping {unknown}
Potions
 h - a potion of invisibility {unknown}
 k - a potion of lignification {unknown}
 l - a potion of might {unknown}
 n - a potion of curing {unknown}
 p - a potion of ambrosia {unknown}
 q - a potion of heal wounds {unknown}


   Skills:
 - Level 4.0 Fighting
 - Level 4.0 Maces & Flails
 - Level 2.6 Spellcasting
 + Level 3.2 Conjurations
 - Level 4.0 Fire Magic


You had one spell level left.
You knew the following spells:

 Your Spells              Type           Power      Damage    Failure   Level
a - Scorch                Fire           42%        2d7       3%          2
b - Conjure Flame         Conj/Fire      19%        6-21      9%          3
c - Sticky Flame          Conj/Fire      19%        2d4       26%         4

Your spell library contained the following spells:

 Spells                   Type           Power      Damage    Failure   Level
 Ignite Poison            Fire/Tmut/Pois 9%         N/A       22%         3


Dungeon Overview and Level Annotations

Branches:
Dungeon (4/15)
 Temple: D:4-7

Altars:
Elyvilon
Nemelex Xobeh


Innate Abilities, Weirdness & Mutations

You are too large for most types of armour.
You have tough skin. (AC +1)


Message History

You throw a stone.
Throw: 106 stones
Press: ? - help, Shift-Dir - straight line You throw a stone.
Throw: 105 stones
Press: ? - help, Shift-Dir - straight line You throw a stone.
Throw: 104 stones
Press: ? - help, Shift-Dir - straight line You throw a stone.
Throw: 103 stones
Press: ? - help, Shift-Dir - straight line You throw a stone.
No target in view!
You barely miss something. Something hits you. Something shocks you.
You barely miss something. Something hits you but does no damage.
You miss something. Something hits you. Something shocks you.
You hit something but do no damage. Something hits you. Something shocks you.
Something hits you but does no damage.
You miss something.
A sky beast appears from thin air!
Reactivating autopickup.
The sky beast hits you but does no damage.
You barely miss the sky beast.
The sky beast is severely wounded.
The sky beast flickers out of sight!
Deactivating autopickup; reactivate with Ctrl-A.
Something hits you but does no damage.
You hit something but do no damage. Something hits you. Something shocks you.
You closely miss something. Something hits you. Something shocks you.
You miss something. Something hits you. Something shocks you.
* * * LOW HITPOINT WARNING * * *
Something hits you.
* * * LOW HITPOINT WARNING * * *
Something shocks you.
* * * LOW HITPOINT WARNING * * *
You closely miss something. You block something's attack.
You completely miss something. Something hits you.
* * * LOW HITPOINT WARNING * * *
Something shocks you.
You die...

## .. .#
.# .#
########.#
#.....@{(#
#<########
###


There were no monsters in sight!

Vanquished Creatures
  An orc warrior (D:3)
  Jessica (D:2)
  Natasha (D:2)
  3 orc wizards
  2 adders
  A worm (D:2)
  4 dart slugs
  3 orcs (D:3)
  11 ball pythons
  10 bats
  8 endoplasms
  A giant cockroach (D:1)
  4 goblins
  5 hobgoblins
  6 jackals
  3 quokkas
  5 frilled lizards
  9 kobolds
  6 rats
  23 foxfires (D:3)
107 creatures vanquished.

Notes
Turn   | Place    | Note
-------+----------+-------------------------------------------
     0 | D:1      | jfcaron the Ogre Cinder Acolyte began the quest for the
                  | Orb.
     0 | D:1      | Reached XP level 1. HP: 24/24 MP: 2/2
   373 | D:1      | Reached XP level 2. HP: 31/32 MP: 4/4
   376 | D:1      | Learned a level 2 spell: Scorch
  1084 | D:1      | Reached XP level 3. HP: 36/39 MP: 6/6
  1546 | D:2      | Learned a level 3 spell: Conjure Flame
  1882 | D:2      | Noticed Jessica
  1891 | D:2      | Killed Jessica
  1892 | D:2      | Reached skill level 1 in Conjurations
  1892 | D:2      | Reached XP level 4. HP: 36/48 MP: 4/7
  2743 | D:2      | Found a faded altar of an unknown god.
  2786 | D:3      | Noticed an orc warrior
  2890 | D:3      | Reached XP level 5. HP: 53/54 MP: 3/8
  3108 | D:3      | Noticed Natasha
  3116 | D:2      | Killed Natasha
  3122 | D:2      | Learned a level 4 spell: Sticky Flame
  3324 | D:3      | HP: 9/54 [cloud of flame (8)]
  3330 | D:3      | HP: 4/54 [cloud of flame (6)]
  3337 | D:3      | Killed an orc warrior
  3338 | D:3      | Reached XP level 6. HP: 6/62 MP: 2/9
  3726 | D:3      | HP: 12/62 [something/puff of flame (3)]
  4371 | D:3      | Found a sparkling altar of Nemelex Xobeh.
  4371 | D:3      | Found a white marble altar of Elyvilon.
  4721 | D:4      | Noticed a sky beast
  4744 | D:4      | HP: 8/62 [something (5)]
  4746 | D:4      | Slain by a sky beast

Illustrated notes

Levels and vault maps discovered:
D:1:      minmay_arrival_plants_in_alcoves, layout_basic
D:2:      layout_basic, dreamdust_ecumenical_altar_statues, uniq_jessica
D:3:      layout_rooms, gammafunk_temple_overflow_elements, uniq_natasha
D:4:      layout_basic, interstate_on_off, serial_bayou_pond_b,
          solitary_fountain, uniq_blork_the_orc

Skill      XL: |  1  2  3  4  5  6 |
---------------+-------------------+-----
Maces & Flails | 3 4 |  4.0
Fire Magic     | 3 4 |  4.0
Spellcasting   | 2 |  2.6
Conjurations   | 1 2 3 |  3.2
Fighting       | |  4.0

Action                   |  1- 3 |  4- 6 || total
-------------------------+-------+-------++-------
Melee: Mace              |    73 |   115 ||   188
Throw: Stone             |    54 |   108 ||   162
 Cast: Scorch            |    21 |    25 ||    46
       Conjure Flame     |       |     4 ||     4
Invok: Sea of Fire       |       |     2 ||     2
       Foxfire Swarm     |       |     1 ||     1
Armor: Robe              |    31 |    83 ||   114
Dodge: Dodged            |    32 |    57 ||    89
Block: Other             |     3 |    34 ||    37
       Reflection        |     1 |     5 ||     6

Table legend: (Time is in decaauts)
 A = Elapsed time spent in this place.
 B = Non-inter-level travel time spent in this place.
 C = Inter-level travel time spent in this place.
 D = Time resting spent in this place.
 E = Time spent auto-exploring this place.
 F = Levels seen in this place.
 G = Mean time per level.
                   A        B        C        D        E       F      G
               +--------+--------+--------+--------+--------+-----+--------+
         Total |   4817 |   4736 |     81 |   1850 |   2044 |   4 | 1204.2 |
       Dungeon |   4817 |   4736 |     81 |   1850 |   2044 |   4 | 1204.2 |
               +--------+--------+--------+--------+--------+-----+--------+

Top non-repeatable levels by time:
     D:2: 2371 daAuts
     D:1: 1393 daAuts
     D:3: 1018 daAuts
     D:4: 34 daAuts
